 Dungeon Crawl Stone Soup version 0.31-a0-675-g238779eb0a (webtiles) character file.

Game seed: 816169021615343395

1355 KarmaKiller the Trooper (level 8, 0/62 HPs)
             Began as a Demonspawn Berserker on Sept 5, 2023.
             Was a Priest of Trog.
             Succumbed to a kobold's poison
             ... on level 6 of the Dungeon.
             The game lasted 00:22:21 (5308 turns).

KarmaKiller the Trooper (Demonspawn Berserker)      Turns: 5308, Time: 00:22:22

Health: 0/62       AC: 17    Str: 19    XL:     8   Next: 37%
Magic:  8/8        EV: 11    Int:  9    God:    Trog [***...]
Gold:   78         SH:  0    Dex: 13    Spells: 7/7 levels left

rFire   . . .        o - +0 hand axe (distort)
rCold   . . .        (no shield)
rNeg    . . .        u - +0 scale mail {Will+}
rPois   .            (helmet unavailable)
rElec   .            (no cloak)
rCorr   .            (no gloves)
SInv    .            a - +0 pair of boots
Will    +....        (no amulet)
Stlth   +            (no ring)
HPRegen 0.30/turn    (no ring)
MPRegen 0.11/turn

%: no passive effects
@: lethally poisoned (0 -> -3), sanguine armoured, on berserk cooldown, slowed,
very slow
A: horns 3, powered by pain 1, sanguine armour 2
a: Renounce Religion, Berserk, Trog's Hand


You were on level 6 of the Dungeon.
You worshipped Trog.
Trog was most pleased with you.
You visited 1 branch of the dungeon, and saw 6 of its levels.

You collected 232 gold pieces.
You spent 154 gold pieces at shops.

Inventory:

Hand Weapons
 c - a +0 whip
 o - a +0 hand axe of distortion (weapon)
Missiles
 q - a throwing net
Armour
 a - a +0 pair of boots (worn)
 m - a +0 leather armour
 u - a +0 scale mail of willpower (worn)
Jewellery
 k - a ring of positive energy
 r - a ring of protection from fire
Wands
 t - a wand of mindburst (10)
Scrolls
 d - 2 scrolls of fog
 h - a scroll of fear {unknown}
 i - 3 scrolls of teleportation {unknown}
 j - a scroll of enchant weapon {unknown}
 n - a scroll of silence {unknown}
 s - a scroll of enchant armour {unknown}
Potions
 b - 4 potions of brilliance
 e - a potion of enlightenment {unknown}
 f - 3 potions of berserk rage
 g - 2 potions of curing
 l - 2 potions of lignification {unknown}
 p - a potion of ambrosia {unknown}


   Skills:
 + Level 5.0 Fighting
 + Level 3.8(4.5) Axes
 + Level 3.6(4.4) Maces & Flails
 + Level 4.3 Armour
 + Level 4.0 Dodging
 + Level 3.0 Stealth
 + Level 3.1 Unarmed Combat


You had 7 spell levels left.
You didn't know any spells.
Your spell library was empty.

Dungeon Overview and Level Annotations

Branches:
Dungeon (6/15)
 Temple: D:4-7

Altars:
Dithmenos
Nemelex Xobeh
Trog
Wu Jian

Shops:
D:5 [:??!*


Innate Abilities, Weirdness & Mutations

You have a pair of large horns on your head.
You sometimes gain a little power by taking damage.
When seriously injured, your blood forms thick armour. (AC +9)


Message History

The kobold brigand barely misses you.
The kobold throws a poisoned dart.
The poisoned dart hits you!
You are more poisoned.
The kobold brigand closely misses you.
You hit the kobold brigand but do no damage.
You headbutt the kobold brigand!
You kill the kobold brigand!
Trog accepts your kill.
You hit the orc.
You feel very sick.
The hound stops to sniff the ground.
The orc hits you but does no damage.
Your Fighting skill increases to level 5!
Your Stealth skill increases to level 3!
You miss the hound. You barely miss the orc.
You feel very sick. The hound bites you.
* * * LOW HITPOINT WARNING * * *
The orc closely misses you.
The hound bites you but does no damage. x2
The kobold throws a poisoned dart.
The poisoned dart barely misses you. The orc hits you but does no damage.
You hit the orc but do no damage.
Space warps horribly around the orc!!
You kill the orc!
Trog accepts your kill.
You hit the hound but do no damage.
Space warps around the hound.
You feel very sick. The hound closely misses you. The hound bites you.
* * * LOW HITPOINT WARNING * * *
The kobold hits you but does no damage.
You hit the kobold.
Space warps horribly around the kobold!!
You kill the kobold!
Trog accepts your kill.
You closely miss the hound.
* * * LOW HITPOINT WARNING * * *
You feel sick. The hound bites you but does no damage.
The hound barely misses you. The hound completely misses you.
You closely miss the hound.
The hound is lightly wounded.
You die...

....# ...<### ......##
######## .......###
###......##
.....#...#####.....#...[
....####....#...........
##.## ####>..........".
#.# ###............. #.#
#.....)..@h......
#.##....###....))......
#.##.## #..............
...#............
#####...........
##.......... ######.##..
.# ..


You could see a hound.

Vanquished Creatures
  Prince Ribbit (D:5)
  A black bear (D:3)
  An ice beast (D:4)
  3 ogres
  A kobold brigand (D:6)
  A scorpion (D:6)
  An orc priest (D:3)
  3 hounds
  2 jellies
  3 iguanas (D:4)
  An orc wizard (D:5)
  4 gnolls
  6 adders
  A shadow imp (D:5)
  2 ufetubi
  A worm (D:4)
  9 orcs
  4 ball pythons
  7 endoplasms
  2 giant cockroaches
  9 goblins
  9 hobgoblins
  8 jackals
  2 quokkas
  6 bats
  2 frilled lizards
  11 kobolds
  4 rats
105 creatures vanquished.

Notes
Turn   | Place    | Note
-------+----------+-------------------------------------------
     0 | D:1      | KarmaKiller the Demonspawn Berserker began the quest for
                  | the Orb.
     0 | D:1      | Reached XP level 1. HP: 18/18 MP: 1/1
   226 | D:1      | Gained mutation: You have a pair of small horns on your
                  | head. [demonic ancestry]
   226 | D:1      | Reached XP level 2. HP: 22/24 MP: 2/2
   541 | D:1      | Gained mutation: You have a pair of horns on your head.
                  | [demonic ancestry]
   541 | D:1      | Reached XP level 3. HP: 25/29 MP: 3/3
  1823 | D:3      | Reached skill level 1 in Maces & Flails
  1827 | D:3      | Gained mutation: When seriously injured, your blood forms
                  | armour. (AC +9) [demonic ancestry]
  1827 | D:3      | Reached XP level 4. HP: 34/37 MP: 4/4
  1829 | D:3      | Reached skill level 1 in Stealth
  1829 | D:3      | Reached ** piety under Trog
  1957 | D:3      | Found a faded altar of an unknown god.
  1963 | D:3      | Found an ornate altar of the Wu Jian Council.
  2027 | D:3      | Noticed a black bear
  2038 | D:3      | Killed a black bear
  2039 | D:3      | Reached skill level 4 in Fighting
  2039 | D:3      | Gained mutation: When seriously injured, your blood forms
                  | thick armour. (AC +9) [demonic ancestry]
  2039 | D:3      | Reached XP level 5. HP: 41/42 MP: 5/5
  2959 | D:4      | Gained mutation: You sometimes gain a little power by
                  | taking damage. [demonic ancestry]
  2959 | D:4      | Reached XP level 6. HP: 37/48 MP: 6/6
  3101 | D:4      | Noticed an ice beast
  3109 | D:4      | Killed an ice beast
  3152 | D:4      | Found a sparkling altar of Nemelex Xobeh.
  3253 | D:4      | Found a bloodstained altar of Trog.
  3321 | D:4      | Found a shadowy altar of Dithmenos.
  3804 | D:4      | Reached skill level 1 in Axes
  3804 | D:4      | Reached XP level 7. HP: 55/55 MP: 7/7
  3906 | D:5      | Entered Level 5 of the Dungeon
  3961 | D:5      | Found Danyuheebb's Book Emporium.
  3962 | D:5      | Found Tizxoumn's Magic Scroll Shoppe.
  3963 | D:5      | Found Noixtoreo's Distillery.
  3964 | D:5      | Found Qusek's General Store.
  3964 | D:5      | Found Ugaschec's Magic Scroll Emporium.
  4395 | D:5      | Found Fulin's Antique Armour Emporium.
  4405 | D:5      | Bought a glowing scale mail for 154 gold pieces
  4479 | D:5      | Noticed Prince Ribbit
  4500 | D:5      | Killed Prince Ribbit
  4580 | D:5      | Gained mutation: You have a pair of large horns on your
                  | head. [demonic ancestry]
  4580 | D:5      | Reached XP level 8. HP: 61/61 MP: 8/8
  4852 | D:5      | Reached *** piety under Trog
  5305 | D:6      | Reached skill level 5 in Fighting
  5306 | D:6      | HP: 2/62 [hound (5)]
  5308 | D:6      | Succumbed to a kobold's poison

Illustrated notes

Levels and vault maps discovered:
D:1:      tarquinn_simple_flora_water_c, layout_basic,
          dreamdust_princess_corridor
D:2:      layout_basic, st_stairs_12
D:3:      layout_basic, nicolae_overflow_ecumenical_swirl
D:4:      layout_basic, nemelex_xobeh_ov_fountains_minmay, trog_hazing_becter,
          nicolae_overflow_crystal_walls, general_overflow_altar
D:5:      layout_basic, mainiacjoe_overflow_24_doors, serial_shops, shop,
          serial_glass, glass_columns_a, glass_columns_a, glass_columns_b,
          glass_columns_b, glass_columns_a, glass_columns_a,
          nicolae_wooded_promenade, hangedman_abyss_or_decor_stabs,
          uniq_prince_ribbit1
D:6:      layout_rooms, lightli_orcish_oven, uniq_grinder,
          uniq_crazy_yiuf_cottage

Skill      XL: |  1  2  3  4  5  6  7  8 |
---------------+-------------------------+-----
Unarmed Combat | 3 |  3.1
Dodging        | 2 3 4 |  4.0
Armour         | 2 3 4 |  4.3
Maces & Flails | 1 2 3 |  3.6
Stealth        | 1 2 3 |  3.0
Fighting       | 4 5 |  5.0
Axes           | 1 2 3 |  3.8

Action                     |  1- 3 |  4- 6 |  7- 9 || total
---------------------------+-------+-------+-------++-------
  Melee: Whip              |    93 |    55 |       ||   148
         Unarmed           |     5 |       |       ||     5
         Headbutt          |    14 |    22 |    14 ||    50
         Punch             |     1 |     2 |     2 ||     5
         Hand axe          |       |    54 |    71 ||   125
 Invoke: Berserk           |     3 |     4 |     4 ||    11
    Use: Scroll            |       |     3 |     1 ||     4
   Stab: Sleeping          |     2 |     1 |       ||     3
 Armour: Animal skin       |    36 |       |       ||    36
         Leather armour    |    20 |    54 |    23 ||    97
         Scale mail        |       |       |    36 ||    36
  Dodge: Dodged            |    68 |    71 |    47 ||   186

Table legend: (Time is in decaauts)
 A = Elapsed time spent in this place.
 B = Non-inter-level travel time spent in this place.
 C = Inter-level travel time spent in this place.
 D = Time resting spent in this place.
 E = Time spent auto-exploring this place.
 F = Levels seen in this place.
 G = Mean time per level.
                   A        B        C        D        E       F      G
               +--------+--------+--------+--------+--------+-----+--------+
         Total |   5422 |   5374 |     48 |    639 |      0 |   6 |  903.7 |
       Dungeon |   5422 |   5374 |     48 |    639 |      0 |   6 |  903.7 |
               +--------+--------+--------+--------+--------+-----+--------+

Top non-repeatable levels by time:
     D:5: 1304 daAuts
     D:3: 1248 daAuts
     D:4: 983 daAuts
     D:2: 938 daAuts
     D:1: 806 daAuts
     D:6: 141 daAuts
